 Dungeon Crawl Stone Soup version 0.24.0-28-g17ded55e90 (webtiles) character file.

Game seed: 1204828659807716332, levelgen mode: deterministic

69 Anaphory the Digger (level 4, 0/24 HPs)
             Began as a Gargoyle Earth Elementalist on Nov 12, 2019.
             Slain by a hound (2 damage)
             ... on level 2 of the Dungeon on Nov 13, 2019.
             The game lasted 00:24:57 (1865 turns).

Anaphory the Digger (Gargoyle Earth Elementalist)   Turns: 1865, Time: 00:24:57

Health: 0/24       AC:  5    Str: 12    XL:     4   Next: 20%
Magic:  8/8        EV: 12    Int: 16    God:
Gold:   76         SH:  0    Dex: 10    Spells: 4/8 levels left

rFire    . . .     SeeInvis .   o - +0 spear (flame)
rCold    . . .     Gourm    .   (no shield)
rNeg     + . .     Faith    .   c - +0 robe
rPois    ∞         Spirit   .   (no helmet)
rElec    +         Reflect  .   (no cloak)
rCorr    .         Harm     .   (no gloves)
MR       .....                  (no boots)
Stlth    ++........             (no amulet)
HPRegen  0.08/turn              (no ring)
MPRegen  0.11/turn              (no ring)

@: no status effects
A: negative energy resistance 1, electricity resistance, unbreathing,
petrification resistance, rot immunity, AC +3
a: no special abilities


You were on level 2 of the Dungeon.
You were not hungry.

You visited 1 branch of the dungeon, and saw 3 of its levels.

You collected 76 gold pieces.

Inventory:

Hand Weapons
 i - a +0 short sword
 o - a +0 spear of flaming (weapon)
Missiles
 b - 76 stones (quivered)
 e - 4 atropa-tipped darts
Armour
 c - a +0 robe (worn)
 g - a +0 scale mail
Jewellery
 a - an uncursed amulet of guardian spirit
 u - a -2 ring of slaying
 v - a cursed ring of teleportation {unknown}
Scrolls
 f - 2 scrolls of remove curse
 h - 2 scrolls of teleportation {unknown}
 j - a scroll of blinking {unknown}
 k - a scroll of enchant armour {unknown}
 l - a scroll of immolation {unknown}
 m - a scroll of fear {unknown}
 p - 2 scrolls of fog {unknown}
 q - 2 scrolls of identify {unknown}
 s - a scroll of magic mapping {unknown}
Potions
 n - a potion of brilliance {unknown}
 r - a potion of heal wounds {unknown}
Comestibles
 d - 3 rations


   Skills:
 + Level 0.7 Fighting
 - Level 1.5 Dodging
 - Level 2.1 Stealth
 * Level 2.8 Spellcasting
   Level 0.7 Transmutations
 * Level 5.1 Earth Magic


You had 4 spell levels left.
You knew the following spells:

 Your Spells              Type           Power        Failure   Level  Hunger
a - Sandblast             Erth           ###...       2%          1    #......
b - Stone Arrow           Conj/Erth      ##....       21%         3    ###....

Your spell library contained the following spells:

 Spells                   Type           Power        Failure   Level  Hunger
 Passwall                 Tmut/Erth      ##......     9%          2    ##.....
 Animate Skeleton         Necr           N/A          19%         1    #......
 Apportation              Tloc           #.....       19%         1    #......
 Confusing Touch          Hex            #.....       19%         1    #......
 Summon Small Mammal      Summ           #...         19%         1    #......
 Petrify                  Tmut/Erth      ##......     50%         4    #####..
 Lee's Rapid Deconstruct  Erth           ###.......   54%         5    ######.


Dungeon Overview and Level Annotations

Branches:
Dungeon (3/15)

Altars:
Gozag
Uskayaw
Wu Jian


Innate Abilities, Weirdness & Mutations

You are resistant to torment.
Your stone body is resilient. (AC +3)
You are immune to poison.
You resist negative energy. (rN+)
You are resistant to electric shocks. (rElec)
You can survive without breathing.
You are immune to petrification.
You are immune to rotting.


Message History

You miss the hound.
The hound is moderately wounded.
The hound bites you but does no damage. The hound bites you.
* * * LOW HITPOINT WARNING * * *
You miss the hound.
The hound is moderately wounded.
The hound barely misses you. The hound bites you but does no damage.
You barely miss the hound.
The hound is moderately wounded.
The hound bites you but does no damage.
You barely miss the hound.
The hound is moderately wounded.
The hound bites you.
* * * LOW HITPOINT WARNING * * *
The hound bites you.
* * * LOW HITPOINT WARNING * * *
You barely miss the hound.
The hound is moderately wounded.
The hound bites you but does no damage. The hound bites you.
You die...

########### #.........#
#.........# #.........#
#.........#
##########.........#########
#..........@................
##.########h##.....#########
#.................#
##########.######.#
####.######.# #........##.#
#........##.#
#........##.#########
#....................


You could see a hound.

Vanquished Creatures
  An ooze (D:1)
  5 dart slugs
  3 leopard geckos (D:2)
  4 bats
  2 giant cockroaches
  5 goblins
  7 hobgoblins
  2 jackals (D:2)
  A quokka (D:2)
  A ball python (D:2)
  6 frilled lizards
  5 kobolds
  11 rats
53 creatures vanquished.

Notes
Turn   | Place    | Note
-------+----------+-------------------------------------------
     0 | D:1      | Anaphory the Gargoyle Earth Elementalist began the quest
                  | for the Orb.
     0 | D:1      | Reached XP level 1. HP: 10/10 MP: 3/3
   212 | D:1      | Reached skill level 4 in Earth Magic
   253 | D:1      | Reached XP level 2. HP: 11/15 MP: 5/5
   733 | D:1      | Reached XP level 3. HP: 17/19 MP: 6/6
  1064 | D:2      | Learned a level 3 spell: Stone Arrow
  1308 | D:2      | Reached skill level 5 in Earth Magic
  1361 | D:2      | Reached XP level 4. HP: 18/24 MP: 6/8
  1416 | D:2      | Found a hide-covered altar of Uskayaw.
  1416 | D:2      | Found an opulent altar of Gozag.
  1418 | D:2      | Found an ornate altar of the Wu Jian Council.
  1865 | D:2      | Slain by a hound

Levels and vault maps discovered:
D:1:      minmay_arrival_nine_rooms, layout_loops_corners
D:2:      layout_basic, grunt_temple_overflow_open
D:3:      layout_rooms, overflow_temple_1_default, lemuel_doored_altar

Skill      XL: |  1  2  3 |
---------------+----------+-----
Earth Magic    | 4 5 |  5.1
Fighting       | |  0.7
Dodging        | |  1.5
Stealth        | |  2.1
Spellcasting   | |  2.8
Transmutations | |  0.7

Action                   |  1- 3 |  4- 6 || total
-------------------------+-------+-------++-------
Melee: Short sword       |    36 |       ||    36
       Spear             |   100 |    37 ||   137
 Cast: Sandblast         |     5 |       ||     5
       Stone Arrow       |     3 |     3 ||     6
  Use: Scroll            |       |     1 ||     1
 Stab: Sleeping          |     3 |       ||     3
  Eat: Chunk             |     2 |     2 ||     4
Armor: Robe              |    33 |    16 ||    49
Dodge: Dodged            |    80 |    24 ||   104
